TOP OF THE 1ST |
Maryland Terrapins batting - Pitching for Cincinnati Bearcats : RHP 聲gel Torres
|
Pitching: RHP 聲gel Torres
|
|
Batting: LHB Edmund Stone
|
0-0: Foul Ball, location: 2F 0-1: Ball 1-1: Ball 2-1: Swinging Strike 2-2: Ground out 4-3 (Groundball, 4M)
|
Batting: RHB Louis Vance
|
0-0: Ball 1-0: Ball 2-0: SINGLE (Groundball, 6MD)
|
Batting: RHB Michael Burke
|
0-0: Swinging Strike 0-1: Ball 1-1: Grounds into double play, U6-3 (Groundball, 6M)
|
Top of the 1st over - 0 run(s), 1 hit(s), 0 error(s), 0 left on base; Maryland 0 - Cincinnati 0 |
BOTTOM OF THE 1ST |
Cincinnati Bearcats batting - Pitching for Maryland Terrapins : RHP Mike Mora
|
Pitching: RHP Mike Mora
|
|
Batting: RHB Phil Poole
|
0-0: Ball 1-0: Foul Ball, location: 2F 1-1: Swinging Strike 1-2: Strikes out swinging, 2-3 out at first.
|
Batting: RHB Bradley Burns
|
0-0: Called Strike 0-1: Ball 1-1: Foul Ball, location: 2F 1-2: Ground out 1-3 (Groundball, 15)
|
Batting: RHB Dave Jackson
|
0-0: Fly out, F9 (Flyball, 89XD)
|
Bottom of the 1st over - 0 run(s), 0 hit(s), 0 error(s), 0 left on base; Maryland 0 - Cincinnati 0 |
TOP OF THE 2ND |
Maryland Terrapins batting - Pitching for Cincinnati Bearcats : RHP 聲gel Torres
|
Batting: RHB Bill Smith
|
0-0: SOLO HOME RUN (Flyball, 7D), Distance : 371 ft
|
Batting: LHB Gary Powers
|
0-0: Called Strike 0-1: Ball 1-1: Ground out 4-3 (Groundball, 4)
|
Batting: SHB Dan Chandler
|
0-0: Bunt for hit - play at first, batter safe!
|
Batting: SHB Stanley Jones
|
0-0: Called Strike 0-1: Foul Ball, location: 2F 0-2: Strikes out looking Dan Chandler steals 2nd base Batter strikes out.
|
Batting: RHB Luis Gonz嫮ez
|
0-0: Ball 1-0: Fly out, F9 (Flyball, 9LMF)
|
Top of the 2nd over - 1 run(s), 2 hit(s), 0 error(s), 1 left on base; Maryland 1 - Cincinnati 0 |
BOTTOM OF THE 2ND |
Cincinnati Bearcats batting - Pitching for Maryland Terrapins : RHP Mike Mora
|
Batting: RHB Dave Richards
|
0-0: Ball 1-0: Ball 2-0: Ball 3-0: Foul Ball, location: 2F 3-1: Base on Balls
|
Batting: RHB Roberto Villela
|
0-0: Called Strike 0-1: Ball 1-1: DOUBLE (Line Drive, 89M) Dave Richards to third Runner from 3rd tries for Home, SAFE, no throw or cutoff
|
Batting: RHB Cipriano Baca
|
0-0: Called Strike 0-1: Ball 1-1: Ball 2-1: Ball 3-1: Base on Balls
|
Batting: SHB Mathew Olson
|
0-0: Ball 1-0: DOUBLE (Groundball, 5L) Roberto Villela scores Cipriano Baca to third
|
Batting: RHB Ed Fuhrman
|
0-0: Called Strike 0-1: Foul Ball, location: 2F 0-2: Ball 1-2: Foul Ball, location: 2F 1-2: Ball 2-2: Ball 3-2: Base on Balls
|
Batting: RHB Henry Haines
|
0-0: Ball 1-0: Swinging Strike 1-1: Called Strike 1-2: Foul Ball, location: 2F 1-2: Strikes out swinging
|
Batting: RHB Phil Poole
|
0-0: Ball 1-0: Called Strike 1-1: Ball 2-1: Ball 3-1: Base on Balls Cipriano Baca scores Mathew Olson to third Ed Fuhrman to second
|
Batting: RHB Bradley Burns
|
0-0: Grounds into double play, U6-3 (Groundball, 6M)
|
Bottom of the 2nd over - 3 run(s), 2 hit(s), 0 error(s), 2 left on base; Maryland 1 - Cincinnati 3 |
TOP OF THE 3RD |
Maryland Terrapins batting - Pitching for Cincinnati Bearcats : RHP 聲gel Torres
|
Batting: RHB Scott Wheeler
|
0-0: Ball 1-0: Ball 2-0: Swinging Strike 2-1: Fly out, F7 (Flyball, 7S)
|
Batting: LHB Edmund Stone
|
0-0: Called Strike 0-1: Foul Ball, location: 2F 0-2: Ball 1-2: Ground out 6-3 (Groundball, 6)
|
Batting: RHB Louis Vance
|
0-0: Called Strike 0-1: Called Strike 0-2: Ball 1-2: Foul Ball, location: 2F 1-2: Strikes out swinging
|
Top of the 3rd over - 0 run(s), 0 hit(s), 0 error(s), 0 left on base; Maryland 1 - Cincinnati 3 |
BOTTOM OF THE 3RD |
Cincinnati Bearcats batting - Pitching for Maryland Terrapins : RHP Mike Mora
|
Batting: RHB Dave Jackson
|
0-0: Ground out 6-3 (Groundball, 6)
|
Batting: RHB Dave Richards
|
0-0: Called Strike 0-1: Ball 1-1: DOUBLE (Line Drive, 7LM)
|
Batting: RHB Roberto Villela
|
0-0: Swinging Strike 0-1: SINGLE (Line Drive, 9LM) Dave Richards to third
|
Batting: RHB Cipriano Baca
|
0-0: Ball 1-0: Ball 2-0: Called Strike 2-1: Foul Ball, location: 2F 2-2: Foul Ball, location: 2F 2-2: Foul Ball, location: 2F 2-2: SINGLE (Groundball, 56D) Dave Richards scores Roberto Villela to second
|
Batting: SHB Mathew Olson
|
0-0: DOUBLE (Line Drive, 78M) Roberto Villela scores Cipriano Baca to third Runner from 3rd tries for Home, SAFE, no throw or cutoff
|
Batting: RHB Ed Fuhrman
|
0-0: Foul Ball, location: 2F 0-1: Called Strike 0-2: Ground out 6-3 (Groundball, 6M) Mathew Olson to third
|
Batting: RHB Henry Haines
|
0-0: Ball 1-0: Ball 2-0: Foul Ball, location: 2F 2-1: Foul Ball, location: 2F 2-2: DOUBLE (Line Drive, 8RD) Mathew Olson scores
|
Batting: RHB Phil Poole
|
0-0: Ball 1-0: Foul Ball, location: 2F 1-1: Called Strike 1-2: Ground out 4-3 (Groundball, 4)
|
Bottom of the 3rd over - 4 run(s), 5 hit(s), 0 error(s), 1 left on base; Maryland 1 - Cincinnati 7 |
TOP OF THE 4TH |
Maryland Terrapins batting - Pitching for Cincinnati Bearcats : RHP 聲gel Torres
|
Batting: RHB Michael Burke
|
0-0: SINGLE (Groundball, 6MD)
|
Batting: RHB Bill Smith
|
0-0: Called Strike 0-1: SINGLE (Groundball, 4MD) Michael Burke to second
|
Batting: LHB Gary Powers
|
0-0: Ball 1-0: Called Strike 1-1: Called Strike 1-2: Foul Ball, location: 2F 1-2: Ball 2-2: Foul Ball, location: 2F 2-2: DOUBLE (Line Drive, 7LM) Michael Burke scores Bill Smith to third
|
Batting: SHB Dan Chandler
|
0-0: Ball 1-0: Ball 2-0: Ball 3-0: Called Strike 3-1: Base on Balls
|
Batting: SHB Stanley Jones
|
0-0: Called Strike 0-1: Fly out, F7 (Flyball, 78M)
|
Batting: RHB Luis Gonz嫮ez
|
0-0: Foul Ball, location: 2F 0-1: Foul Ball, location: 2F 0-2: Strikes out swinging
|
Batting: RHB Scott Wheeler
|
0-0: Ball 1-0: Ball 2-0: Ball 3-0: Base on Balls Bill Smith scores Gary Powers to third Dan Chandler to second
|
Batting: LHB Edmund Stone
|
0-0: Swinging Strike 0-1: Foul Ball, location: 2F 0-2: Ground out U3 (Groundball, 3L)
|
Top of the 4th over - 2 run(s), 3 hit(s), 0 error(s), 3 left on base; Maryland 3 - Cincinnati 7 |
BOTTOM OF THE 4TH |
Cincinnati Bearcats batting - Pitching for Maryland Terrapins : RHP Mike Mora
|
Pitching: RHP Alfred Hollingsworth
|
|
Batting: RHB Bradley Burns
|
0-0: Ball 1-0: Called Strike 1-1: Called Strike 1-2: Strikes out swinging
|
Batting: RHB Dave Jackson
|
0-0: Ball 1-0: SINGLE (Line Drive, 6D)
|
Batting: RHB Dave Richards
|
0-0: Called Strike 0-1: Ball 1-1: Foul Ball, location: 2F 1-2: Foul Ball, location: 2F 1-2: Ball 2-2: Ball 3-2: SINGLE (Line Drive, 78S) Dave Jackson to second
|
Batting: RHB Roberto Villela
|
0-0: SINGLE (Line Drive, 4M) Dave Jackson to third Dave Richards to second Runner from 3rd tries for Home, SAFE, throw made at trailing runner, SAFE at third!
|
Batting: RHB Cipriano Baca
|
0-0: Ball 1-0: Ball 2-0: Ball 3-0: Base on Balls Roberto Villela to second
|
Batting: SHB Mathew Olson
|
0-0: Swinging Strike 0-1: Grounds into double play, U6-3 (Groundball, 6M)
|
Bottom of the 4th over - 1 run(s), 3 hit(s), 0 error(s), 2 left on base; Maryland 3 - Cincinnati 8 |
TOP OF THE 5TH |
Maryland Terrapins batting - Pitching for Cincinnati Bearcats : RHP 聲gel Torres
|
Batting: RHB Louis Vance
|
0-0: SINGLE (Line Drive, 89S)
|
Batting: RHB Michael Burke
|
0-0: SINGLE (Groundball, 56D) Louis Vance to second
|
Batting: RHB Bill Smith
|
0-0: Ball 1-0: Ball 2-0: Called Strike 2-1: Grounds into double play, 6-4-3 (Groundball, 6) Louis Vance to third
|
Batting: LHB Gary Powers
|
0-0: Ball 1-0: Foul Ball, location: 2F 1-1: Swinging Strike 1-2: Strikes out swinging
|
Top of the 5th over - 0 run(s), 2 hit(s), 0 error(s), 1 left on base; Maryland 3 - Cincinnati 8 |
BOTTOM OF THE 5TH |
Cincinnati Bearcats batting - Pitching for Maryland Terrapins : RHP Alfred Hollingsworth
|
Batting: RHB Ed Fuhrman
|
0-0: Ball 1-0: Foul Ball, location: 2F 1-1: Foul Ball, location: 2F 1-2: Strikes out swinging
|
Batting: RHB Henry Haines
|
0-0: Called Strike 0-1: Ball 1-1: SOLO HOME RUN (Flyball, 7LD), Distance : 312 ft
|
Batting: RHB Phil Poole
|
0-0: Called Strike 0-1: Ball 1-1: Ball 2-1: Ball 3-1: Ground out U3 (Groundball, 3S)
|
Batting: RHB Bradley Burns
|
0-0: Hit by Pitch
|
Batting: RHB Dave Jackson
|
0-0: Called Strike 0-1: Ball 1-1: Swinging Strike 1-2: Strikes out swinging
|
Bottom of the 5th over - 1 run(s), 1 hit(s), 0 error(s), 1 left on base; Maryland 3 - Cincinnati 9 |
TOP OF THE 6TH |
Maryland Terrapins batting - Pitching for Cincinnati Bearcats : RHP 聲gel Torres
|
Batting: SHB Dan Chandler
|
0-0: Called Strike 0-1: Ground out 4-3 (Groundball, 4)
|
Batting: SHB Stanley Jones
|
0-0: SOLO HOME RUN (Line Drive, 9D), Distance : 363 ft
|
Batting: RHB Luis Gonz嫮ez
|
0-0: Ground out 5-3 (Groundball, 5)
|
Batting: RHB Scott Wheeler
|
0-0: Called Strike 0-1: Foul Ball, location: 2F 0-2: Foul Ball, location: 2F 0-2: Ball 1-2: Ball 2-2: Ball 3-2: Ground out 6-3 (Groundball, 6M)
|
Top of the 6th over - 1 run(s), 1 hit(s), 0 error(s), 0 left on base; Maryland 4 - Cincinnati 9 |
BOTTOM OF THE 6TH |
Cincinnati Bearcats batting - Pitching for Maryland Terrapins : RHP Alfred Hollingsworth
|
Batting: RHB Dave Richards
|
0-0: Foul Ball, location: 2F 0-1: Ball 1-1: Ball 2-1: Foul Ball, location: 2F 2-2: Strikes out swinging
|
Batting: RHB Roberto Villela
|
0-0: Ball 1-0: Ball 2-0: Swinging Strike 2-1: Ball 3-1: SINGLE (Groundball, 56D)
|
Batting: RHB Cipriano Baca
|
0-0: Ball 1-0: Foul Ball, location: 2F 1-1: Ball 2-1: SINGLE (Line Drive, 89S) Roberto Villela to second
|
Pitching: LHP Travis Berry
|
|
Batting: SHB Mathew Olson
|
0-0: Ball 1-0: Swinging Strike 1-1: Ball 2-1: Ball 3-1: Base on Balls Roberto Villela to third Cipriano Baca to second
|
Batting: RHB Ed Fuhrman
|
0-0: Called Strike 0-1: Ball 1-1: Swinging Strike 1-2: Ball 2-2: SINGLE (Line Drive, 7S) Roberto Villela scores Cipriano Baca to third Mathew Olson to second Runner from 3rd tries for Home, SAFE, no throw or cutoff
|
Batting: RHB Henry Haines
|
0-0: Ball 1-0: Called Strike 1-1: Ball 2-1: Ball 3-1: Base on Balls Mathew Olson to third Ed Fuhrman to second
|
Batting: RHB Phil Poole
|
0-0: Ball 1-0: Foul Ball, location: 2F 1-1: Foul Ball, location: 2F 1-2: Foul Ball, location: 2F 1-2: Fly out, F9 (Flyball, 9M) Runner from 3rd tags up, SCORES, no throw
|
Batting: RHB Bradley Burns
|
0-0: Ball 1-0: Ball 2-0: Ball 3-0: Base on Balls Ed Fuhrman to third Henry Haines to second
|
Batting: RHB Dave Jackson
|
0-0: Called Strike 0-1: Fly out, F9 (Flyball, 89M)
|
Bottom of the 6th over - 3 run(s), 3 hit(s), 0 error(s), 3 left on base; Maryland 4 - Cincinnati 12 |
TOP OF THE 7TH |
Maryland Terrapins batting - Pitching for Cincinnati Bearcats : RHP 聲gel Torres
|
Pitching: RHP Harry Hopkins
|
|
Batting: LHB Edmund Stone
|
0-0: Called Strike 0-1: Swinging Strike 0-2: Ball 1-2: Ball 2-2: Strikes out looking
|
Batting: RHB Louis Vance
|
0-0: Ball 1-0: Ball 2-0: Ball 3-0: Base on Balls
|
Batting: RHB Michael Burke
|
0-0: Swinging Strike 0-1: Ball 1-1: Swinging Strike 1-2: Strikes out swinging
|
Batting: RHB Bill Smith
|
0-0: Called Strike 0-1: Ball 1-1: Swinging Strike 1-2: Strikes out looking
|
Top of the 7th over - 0 run(s), 0 hit(s), 0 error(s), 1 left on base; Maryland 4 - Cincinnati 12 |
BOTTOM OF THE 7TH |
Cincinnati Bearcats batting - Pitching for Maryland Terrapins : LHP Travis Berry
|
Batting: RHB Dave Richards
|
0-0: Swinging Strike 0-1: Foul Ball, location: 2F 0-2: Foul Ball, location: 2F 0-2: Ball 1-2: Foul Ball, location: 2F 1-2: Ball 2-2: Ball 3-2: Strikes out looking
|
Batting: RHB Roberto Villela
|
0-0: Ball 1-0: Ball 2-0: Ball 3-0: Called Strike 3-1: Base on Balls
|
Batting: RHB Cipriano Baca
|
0-0: Ball 1-0: Ball 2-0: Foul Ball, location: 2F 2-1: Ball 3-1: Foul Ball, location: 2F 3-2: SINGLE (Flyball, 78M) Roberto Villela to second
|
Batting: SHB Mathew Olson
|
0-0: Called Strike 0-1: Swinging Strike 0-2: Foul Ball, location: 2F 0-2: Ball 1-2: Ball 2-2: Fly out, F7 (Flyball, 78M)
|
Batting: RHB Ed Fuhrman
|
0-0: Foul Ball, location: 2F 0-1: Called Strike 0-2: Foul Ball, location: 2F 0-2: Strikes out looking
|
Bottom of the 7th over - 0 run(s), 1 hit(s), 0 error(s), 2 left on base; Maryland 4 - Cincinnati 12 |
TOP OF THE 8TH |
Maryland Terrapins batting - Pitching for Cincinnati Bearcats : RHP Harry Hopkins
|
Batting: LHB Gary Powers
|
0-0: Called Strike 0-1: Foul Ball, location: 2F 0-2: Ball 1-2: Foul Ball, location: 2F 1-2: Foul Ball, location: 2F 1-2: Ball 2-2: Ground out U3 (Groundball, 3)
|
Batting: SHB Dan Chandler
|
0-0: Called Strike 0-1: SINGLE (Flyball, 7LM)
|
Batting: SHB Stanley Jones
|
0-0: Ball 1-0: Ball 2-0: Called Strike 2-1: Ground out 4-3 (Groundball, 4M) Dan Chandler to second
|
Batting: RHB Luis Gonz嫮ez
|
0-0: Foul Ball, location: 2F 0-1: Ball 1-1: Called Strike 1-2: SINGLE (Groundball, 56D) Dan Chandler to third Runner from 3rd tries for Home, SAFE, no throw or cutoff
|
Batting: RHB Scott Wheeler
|
0-0: Ball 1-0: Ball 2-0: Ball 3-0: Called Strike 3-1: Base on Balls Luis Gonz嫮ez to second
|
Batting: LHB Edmund Stone
|
0-0: SINGLE (Groundball, 6MD) Luis Gonz嫮ez to third Scott Wheeler to second Runner from 3rd tries for Home, SAFE, no throw or cutoff
|
Batting: RHB Louis Vance
|
0-0: Ball 1-0: Called Strike 1-1: Foul Ball, location: 2F 1-2: Fly out, F9 (Flyball, 9M)
|
Top of the 8th over - 2 run(s), 3 hit(s), 0 error(s), 2 left on base; Maryland 6 - Cincinnati 12 |
BOTTOM OF THE 8TH |
Cincinnati Bearcats batting - Pitching for Maryland Terrapins : LHP Travis Berry
|
Pitching: RHP Mike Stout
|
|
Batting: RHB Henry Haines
|
0-0: Swinging Strike 0-1: Ball 1-1: Ball 2-1: Swinging Strike 2-2: Strikes out swinging
|
Batting: RHB Phil Poole
|
0-0: Ball 1-0: Called Strike 1-1: Swinging Strike 1-2: Ball 2-2: Strikes out swinging
|
Batting: RHB Bradley Burns
|
0-0: Swinging Strike 0-1: Foul Ball, location: 2F 0-2: Strikes out swinging
|
Bottom of the 8th over - 0 run(s), 0 hit(s), 0 error(s), 0 left on base; Maryland 6 - Cincinnati 12 |
TOP OF THE 9TH |
Maryland Terrapins batting - Pitching for Cincinnati Bearcats : RHP Harry Hopkins
|
Pitching: RHP Rudy England
|
|
Now at SS: John Matthews
|
|
Now in CF: Troy Abreu
|
|
Batting: RHB Michael Burke
|
0-0: Called Strike 0-1: Ball 1-1: Called Strike 1-2: Fly out, F7 (Flyball, 7LM)
|
Batting: RHB Bill Smith
|
0-0: SINGLE (Line Drive, 9S)
|
Batting: LHB Gary Powers
|
0-0: Called Strike 0-1: Ball 1-1: Called Strike 1-2: Ball 2-2: Strikes out swinging
|
Batting: SHB Dan Chandler
|
0-0: Fly out, F7 (Flyball, 7S)
|
Top of the 9th over - 0 run(s), 1 hit(s), 0 error(s), 1 left on base; Maryland 6 - Cincinnati 12 |
|